 Dungeon Crawl Stone Soup version 0.23-a0-103-ge8f8661 (webtiles) character file.

131 topirishpotato the Shield-Bearer (level 4, -1/40 HPs)
             Began as a Minotaur Fighter on Aug 19, 2018.
             Slain by an orc
             ... wielding a +0 hand axe
              (5 damage)
             ... on level 3 of the Dungeon.
             The game lasted 00:02:42 (1925 turns).

topirishpotato the Shield-Bearer (Minotaur Fighter) Turns: 1925, Time: 00:02:42

Health: -1/40      AC:  8    Str: 21    XL:     4   Next: 91%
Magic:  3/3        EV:  8    Int:  5    God:
Gold:   180        SH:  9    Dex: 10    Spells: 3/3 levels left

rFire    x . .     SeeInvis .   a - +0 long sword
rCold    + . .     Gourm    .   c - +0 shield
rNeg     . . .     Faith    .   b - +0 scale mail
rPois    .         Spirit   .   (helmet restricted)
rElec    .         Reflect  .   (no cloak)
rCorr    .         Harm     .   (no gloves)
MR       .....                  g - +0 pair of boots
Stlth    ..........             (no amulet)
HPRegen  0.13/turn              m - ring of ice
MPRegen  0.08/turn              (no ring)

@: no status effects
A: retaliatory headbutt, horns 2
a: no special abilities


You were on level 3 of the Dungeon.
You were not hungry.

You visited 1 branch of the dungeon, and saw 3 of its levels.

You collected 180 gold pieces.

Inventory:

Hand Weapons
 a - a +0 long sword (weapon)
 h - a +0 flail of protection
Armour
 b - a +0 scale mail (worn)
 c - a +0 shield (worn)
 g - a +0 pair of boots (worn)
Jewellery
 m - a ring of ice (left hand)
Scrolls
 j - a scroll of enchant weapon {unknown}
 l - a scroll of teleportation
Potions
 d - a potion of might
 e - a potion of flight
 i - a potion of magic {unknown}
 k - a potion of cancellation {unknown}
Comestibles
 f - 8 rations


   Skills:
 + Level 4.2 Fighting
 + Level 4.0 Long Blades
 + Level 4.3 Armour
 + Level 1.2 Dodging
 + Level 4.7 Shields


You had 3 spell levels left.
You didn't know any spells.
Your spell library was empty.

Dungeon Overview and Level Annotations

Branches:
Dungeon (3/15)

Altars:
Nemelex Xobeh
Qazlal


Innate Abilities, Weirdness & Mutations

You reflexively headbutt those who attack you in melee.
You have a pair of horns on your head.


Message History

You block the orc wizard's attack. The orc wizard barely misses you.
You riposte.
You hit the orc wizard. Your headbutt misses the orc wizard.
The orc wizard is heavily wounded.
The orc hits you but does no damage.
You hit the orc wizard.
The orc wizard is heavily wounded.
The orc wizard barely misses you.
You riposte.
You barely miss the orc wizard.
The orc wizard is heavily wounded.
The orc wizard gestures at you while chanting.
The magic dart hits you!
* * * LOW HITPOINT WARNING * * *
The orc wizard casts a spell at you. The magic dart hits you!
You block the orc's attack. You block the orc wizard's attack.
You hit the orc wizard. Your headbutt misses the orc wizard.
The orc wizard is severely wounded.
The orc wizard barely misses you.
The orc wizard hits you but does no damage.
The orc hits you with a hand axe.
You die...

............
#....).....#
+..........####
#..............
##+
#..............
#..
+....).........
#..
#..oo..........
#..
##..o@..........
#..
#..........(....
###..
#.⌠.⌠.).........
#....
#.._.+#'###.....
#.### ##⌠.⌠ #.#
.... #.#.. ##.#
#.# . #.#.# #?
#.# #.# ## #.#
#.# #.# #.#


You could see 2 orc wizards and an orc.

Vanquished Creatures
  Jessica (D:2)
  A gnoll (D:1)
  4 adders (D:2)
  2 oozes (D:2)
  2 worms (D:2)
  2 dart slugs (D:1)
  A ball python (D:1)
  3 giant cockroaches
  4 goblins
  7 hobgoblins
  A quokka (D:2)
  4 bats
  A frilled lizard (D:2)
  9 kobolds
  5 rats
47 creatures vanquished.

Notes
Turn   | Place    | Note
-------+----------+-------------------------------------------
     0 | D:1      | topirishpotato the Minotaur Fighter began the quest for the Orb.
     0 | D:1      | Reached XP level 1. HP: 19/19 MP: 0/0
   182 | D:1      | Reached XP level 2. HP: 27/27 MP: 1/1
   459 | D:1      | Reached XP level 3. HP: 33/33 MP: 2/2
  1365 | D:2      | Reached skill level 1 in Dodging
  1365 | D:2      | Reached XP level 4. HP: 40/40 MP: 3/3
  1546 | D:2      | Found a stormy altar of Qazlal.
  1556 | D:2      | Found a sparkling altar of Nemelex Xobeh.
  1674 | D:2      | Noticed Jessica
  1689 | D:2      | Killed Jessica
  1914 | D:3      | Found a sparkling altar of Nemelex Xobeh.
  1925 | D:3      | Slain by an orc

Vault maps used:
D:1:      lightli_arrival_chessboard
D:2:      overflow_temple_1_default, first_ration, minmay_misc_feat_iff,
          nicolae_qazlal_eye_of_the_storm, uniq_jessica
D:3:      lemuel_upstairs_altar, nemelex_xobeh_ov_fountains_minmay, uniq_terence

Skill      XL: |  1  2  3  4 |
---------------+-------------+-----
Shields        | 4 |  4.7
Long Blades    | 3 4 |  4.0
Armour         | 4 |  4.3
Fighting       | 4 |  4.2
Dodging        | 1 |  1.2

Action                   |  1- 3 |  4- 6 || total
-------------------------+-------+-------++-------
Melee: Long sword        |    90 |    43 ||   133
       Headbutt          |    18 |     7 ||    25
  Use: Scroll            |       |     3 ||     3
  Eat: Chunk             |       |     3 ||     3
Armor: Scale mail        |    39 |    13 ||    52
Dodge: Dodged            |    26 |    28 ||    54
Block: Shield            |    53 |    32 ||    85
       Rpst.: Long sword |     8 |     7 ||    15

Table legend:
 A = Non-vault XP
 B = Vault XP
 C = Vault XP percentage of total XP
 D = Non-vault monster count
 E = Vault monster count
 F = Vault count percentage of total count
                 A         B        C        D         E       F
            +---------+---------+-------+---------+---------+-------
      Total |     151 |      37 |  19.7 |      46 |       1 |   2.1
            +---------+---------+-------+---------+---------+-------
        D:1 |      52 |       0 |   0.0 |      22 |       0 |   0.0
        D:2 |      95 |      37 |  28.0 |      21 |       1 |   4.5
        D:3 |       4 |       0 |   0.0 |       3 |       0 |   0.0
            +---------+---------+-------+---------+---------+-------
